[Event "FRA-ch 58 Championnat"]
[Site "Belfort"]
[Date "1983.08.23"]
[Round "11"]
[White "Bernard, Christophe"]
[Black "Manouck, Thierry"]
[Result "0-1"]
[ECO "B42"]
[WhiteElo "2335"]
[BlackElo "2375"]
[Annotator "Primel,D"]
[PlyCount "81"]
[EventDate "1983.08.12"]
[EventType "tourn"]
[EventRounds "15"]
[EventCountry "FRA"]
[EventCategory "2"]
[SourceTitle "EXT 2016"]
[Source "ChessBase"]
[SourceDate "2015.10.08"]
[SourceVersion "1"]
[SourceVersionDate "2015.10.08"]
[SourceQuality "1"]
[TimeControl "40/9000:16/5400:0"]

1. Nf3 c5 2. e4 e6 3. d4 cxd4 4. Nxd4 a6 {T MANOUCK jouait un peu à l'époque
la sicilienne et sans surprise il choisit une variante très solide} 5. Bd3 Bc5
6. Nb3 Ba7 7. Qe2 $5 {[%cal Gc1e3] C BERNARD dévie le premier de sa partie de
la ronde 9. L'idée de Qe2 est de jouer rapidement Be3, puis Nc3 gardant
l'option du roque sur les deux ailes en fonction du plan des Noirs} (7. O-O Nc6
8. Qe2 {Bernard,C (2335)-Cerisier,P (2200) FRA-ch 58th Belfort 1983 (9) 1/2}) (
7. Qg4 $5 {Moins fort face à la variante Qa7 au lieu de Be7} Nf6 8. Qg3 (8.
Qxg7 $6 Rg8 9. Qh6 Bxf2+ {[%cal Gf6g4] C'est la différence avec la varainte
Be7})) 7... d6 8. Be3 Bxe3 $6 {Accélère le développement des Blancs} (8...
Nc6 $142 9. Nc3 Nge7 $11) 9. Qxe3 Nf6 10. Nc3 Qc7 (10... Nc6 11. O-O-O O-O 12.
f4 $14) 11. O-O-O $32 {[%csl Re8] Le défaut habituel de la Kan est sa lenteur
mais le choix de l'échange des B en "e3" a accentué ce problème et la
position Noire n'est pas très saine.} O-O 12. Rhg1 $6 $146 {Probablement une
erreur dans l'ordre de coups} (12. f4 $142 {Plus souple et plus naturel} Nc6
13. Rhg1 {Salov,V-Loginov,V URS Soviet Union 1979 1-0} (13. g4)) (12. g4 $5
$146 Nxg4 13. Qg3 Nf6 14. Rhg1 g6 $13) 12... e5 $1 {[%csl Rd3]
Un thème important après l'échange des B de cases Noires} 13. Be2 Be6 14. g4
Rd8 15. g5 Nfd7 16. Bg4 $6 Nf8 17. g6 $6 (17. h4 $142) 17... Nxg6 {[%csl Gf4]
Le N a la case "f4" et les compensations des Blancs sont insuffisantes} 18.
Bxe6 fxe6 19. h4 Nc6 20. Rg4 (20. h5 Nf4 21. h6 g6) 20... Nf4 $1 21. Rdg1 Rd7 22. h5 Rf8 $17 {Les Noirs ont enfin terminé le developpement et
l'initiative des Blancs ne parait pas trop dangereuse} 23. h6 (23. Ne2 Nb4 $40)
(23. Kb1 d5) 23... g6 24. Rd1 Rf6 (24... d5 $36 ) 25. Kb1 Qd8
26. Ne2 Nxe2 27. Qxe2 Qf8 $40 28. Qc4 Nd8 $1 29. Rgg1 Nf7 30. Rgf1 Nxh6 31. f3 Nf7 $1 {[%cal Gf7d6] Les Noirs
passent à la phase technique de réalisation de l'avantage matériel} 32. a4
Qd8 33. Qc3 Qc7 34. Qb4 Nd8 35. Qd2 Qc4 36. a5 Nc6 (36... d5) 37. Qg5 Rf4 38.
Rh1 Nd8 39. Rd3 Qc7 40. Rc3 Nc6 41. Rd1 0-1

[Event "Cappelle op 32nd"]
[Site "Cappelle la Grande"]
[Date "2016.02.15"]
[Round "4"]
[White "Wan, Yunguo"]
[Black "Pogorelov, Ruslan"]
[Result "1-0"]
[ECO "B42"]
[WhiteElo "2485"]
[BlackElo "2345"]
[Annotator "Primel,D"]
[PlyCount "123"]
[EventDate "2016.02.13"]
[EventType "swiss"]
[EventRounds "9"]
[EventCountry "FRA"]
[SourceTitle "EXT 2017"]
[Source "ChessBase"]
[SourceDate "2016.10.25"]
[SourceVersion "1"]
[SourceVersionDate "2016.10.25"]
[SourceQuality "1"]
[TimeControl "40/5400+30:1800+30"]
[WhiteClock "1:30:00"]
[BlackClock "1:30:00"]

1. e4 c5 2. Nf3 e6 3. d4 cxd4 4. Nxd4 a6 5. Bd3 Nf6 6. O-O Qc7 (6... d6 7. c4
Be7 8. Nc3 O-O 9. b3 b6 10. Bb2 Bb7 11. f4 Nbd7 12. Qf3 Re8 13. Rae1 Bf8 14.
Qh3 g6 15. Nf3 Bg7 16. Ng5 (16. e5 Nh5 17. Ng5) 16... h6 17. Nxf7 $40 {Perovic,
D (2350)-Plachetka,J (2450) Vienna op2 1986 0-1}) 7. Qe2 (7. c4 Nc6) 7... d6 8.
f4 Nc6 (8... g6 9. f5 Bg7 10. fxe6 fxe6 11. Bg5 O-O 12. Nd2 Nc6 13. Nxc6 Qxc6
14. Rf2 Bd7 15. Raf1 Qc5 16. e5 dxe5 17. b4 Qa7 18. c4 e4 19. Bxe4 Nxe4 20.
Nxe4 Rxf2 21. Rxf2 Rf8 22. c5 Rxf2 23. Qxf2 Qb8 24. Nf6+ Bxf6 25. Bxf6 Qf8 26.
Qd4 Bc6 27. a3 Bd5 28. Qf4 Qf7 29. h3 Bc6 30. Qb8+ Qe8 31. Qf4 Qf7 32. Qe5 Qd7
33. Bh8 Qf7 34. Bf6 Qd7 35. Qb8+ Qe8 36. Qf4 Qf7 37. Kh2 e5 38. Qxe5 {Predke,A
(2518)-Ponkratov,P (2604) Khanty-Mansiysk 2015 1/2-1/2}) 9. Nxc6 bxc6 10. c4
Be7 11. b3 O-O 12. Bb2 Bb7 13. Nd2 c5 $146 (13... Rfd8 14. Rac1 a5 15. Bb1 a4
16. Qd3 e5 17. Qh3 axb3 18. axb3 Bc8 19. Qc3 Rb8 20. Kh1 Qb6 21. fxe5 dxe5 22.
Nf3 Qxb3 23. Qxb3 Rxb3 24. Bxe5 Ng4 25. h3 Nxe5 26. Nxe5 Be6 27. Nxc6 Rd7 28.
Nxe7+ Rxe7 29. Rfd1 g6 30. c5 Rc7 31. Ba2 Re3 32. Bxe6 fxe6 33. Rc4 Ra3 34. Kg1
Ra5 35. c6 Raa7 36. Kf2 Kf7 37. Rc5 Ke7 38. e5 Ra6 39. Rdc1 Ra4 40. R1c4 Ra6
41. Kg3 Kf7 42. Kf4 Kg7 43. h4 {Mesa Garcia,A (1638)-Salas Rasilla,C (1809)
Salou 2011 1/2-1/2}) 14. e5 dxe5 15. fxe5 Nd7 16. Rae1 Rad8 17. Bb1 Nb8 18. Ne4
Bxe4 19. Qxe4 g6 20. h4 Nc6 21. Qg4 Nd4 22. h5 Kh8 23. Qf4 g5 24. Qe4 f5 25.
exf6 Bxf6 26. b4 Nf3+ $1 27. Qxf3 Bxb2 28. Qxf8+ Rxf8 29. Rxf8+ Kg7 30. Ref1
Bd4+ 31. Kh1 {[%csl Rg7,Gh1] Du point de vue matèriel, la position est égale
mais le K Noir est nettement plus en danger} g4 32. R8f7+ $1 Qxf7 33. h6+ $1 {
[%csl Gh6,Rh7] Un important coup intermédiaire} Kg8 34. Rxf7 Kxf7 35. b5 (35.
Bxh7 cxb4) 35... axb5 36. cxb5 c4 37. Bxh7 g3 $5 38. Bc2 Be3 39.
h7 Kg7 40. a4 $40 {[%csl Ga4,Gb5] Malgré les B de couleurs opposées, les
Blancs ont des chances de gain} Bb6 41. a5 $1 Bxa5 42. Kg1 Bb6+ 43. Kf1 Kh8 44.
Ke2 Kg7 45. Be4 (45. Kf3) 45... Kh8 46. Kd2 Bd4 47. Kc2 Kg7 48. Kb1 $1 Kh8 49. Ka2 Bc5 50. Kb2 Bd4+ 51. Ka3 Bc5+ 52. Ka4 Bb6 53.
Kb4 Kg7 54. Kxc4 Kh8 55. Kd3 Kg7 56. Bg6 Kh8 57. Ke4 Bc7 58. Kd4 Bd6 59. b6 Kg7
60. Be4 Kh8 61. b7 Kg7 62. Kc4 1-0

[Event "Moscow Tal Memorial 6th"]
[Site "Moscow"]
[Date "2011.11.20"]
[Round "5"]
[White "Karjakin, Sergey"]
[Black "Svidler, Peter"]
[Result "1/2-1/2"]
[ECO "B42"]
[WhiteElo "2763"]
[BlackElo "2755"]
[Annotator "Ramirez Alvarez,A"]
[PlyCount "52"]
[EventDate "2011.11.16"]
[EventType "tourn"]
[EventRounds "9"]
[EventCountry "RUS"]
[EventCategory "22"]
[SourceTitle "CBM 146"]
[Source "ChessBase"]
[SourceDate "2012.01.18"]
[SourceVersion "1"]
[SourceVersionDate "2012.01.18"]
[SourceQuality "1"]
[TimeControl "6000+30"]

1. e4 c5 2. Nf3 e6 3. d4 cxd4 4. Nxd4 a6 5. Bd3 Nf6 6. O-O e5 {The Tal
Memorial had a lot of unsual moves very early in the opening, which lead to
many interesting games. This move, again, is not new, but quite rare. It
caught my own attention when Jobava used it to bear Gharmian earlier this year
in very convincing fashion.} 7. Bg5 $5 {The highest scoring move. White
doesn't want to give Black any time to develop and doesn't wish to retreat!} (
7. Nf3 d6 {doesn't seem dangerous.}) (7. Nb3 d6 8. Nc3 Be7 {is a typical
Najdorf position but White has an extra tempo. On the other hand his B on d3
is very awkward. The strange move} 9. Be2 {transposes back into a mainline Be2
Najdorf.}) 7... h6 {The Women's World Champion's choice earlier this year, but
7...d6 is more popular:} (7... d6 8. Nf5 Be6 9. Nc3 Nbd7 {was a strange
position which favoured Black in the endgame in Zhigalko-Bocharov this year.})
8. Bxf6 Qxf6 9. Nf5 g6 {The game's novelty. It makes sense to push the N back,
but at the same time the N will be going to e3, where it will cement control
over the very weakened d5. This system is very strange in that Black has
nearly no development, but his position isn't all that bad.} (9... d5 10. Nc3
$1 d4 11. Nd5 Qd8 12. Bc4 {in this position although Black has nearly no
development, the position is solid and the Ns are a little over-extended. This
was the game Kosintseva,T-Hou Yifan, Hanzhou WGM 2011 in which} Nc6 13. f4 Na5
$6 14. Qd3 $14 {ended up favouring White. Many improvements can be found for
both players however, and the 13... Na5 move was decidedly weak.}) 10. Ne3 Bc5
{Keeping the B inside the pawn chain would fail to justify the other
weaknesses in Black's position. I like this placement.} 11. Nc3 d6 12. Ncd5 Qd8
13. c3 {This move looks to be a little slow, but let's take stock. White has
really done as much as he can without committing to f4, which is not a move
that looks pleasant considering how powerful the B on c5 would become. So,
barring f4, what is White to do? He already controls d5 - now what? These
questions are not so easily answered.} Be6 14. Bc2 {If White has to resort to
this kind of manoeuvres it is hard to say Black is that much worse.} O-O 15.
Ng4 (15. Bb3 Nd7 16. Qf3 Rc8 17. Rad1 Kg7 18. Rd2 Qg5 $15 {and it's quite easy
to see Black eventually taking over the intiative in this position.}) 15... Nd7
$5 {A cool decision! Black sacrifices a pawn to finish development and start
his own initiative on the kingside.} (15... Kg7 {was enough to give him a good
game though. I'm not entirely sure what the follow up on Ng4 is.}) 16. Nxh6+
Kg7 17. Nf5+ $1 {But Karjakin is no tame sheep to grab a pawn and hope to be
able to defend. He starts a counterattack to try to get a perpetual before
succumbing to passivity.} (17. Ng4 $6 Qg5 18. Nge3 Rh8 $17 {is incredibly
dangerous.}) 17... gxf5 18. exf5 Bxd5 19. Qg4+ Kh6 20. Qh3+ Kg5 {Of course,
being ahead two pieces and with no mate in sight, Svidler doesn't wish to
concede the draw so easily. However Karjakin has calculated far enough.} 21.
Qg3+ Kh5 22. Qg7 $1 {With the deadly threat of Bd1+ followed by mate. Black
actually only has one defensive resource!} Bf3 23. Qh7+ Kg5 24. Qg7+ Kh5 25.
Qh7+ Kg5 26. Qg7+ Kh5 {Unfortunately there are no more winning attempts, and
the perpetual seals the draw. Despite being so short it was definitely a crazy
game.} 1/2-1/2

[Event "Cappelle op 32nd"]
[Site "Cappelle la Grande"]
[Date "2016.02.20"]
[Round "9"]
[White "Sasikiran, Krishnan"]
[Black "Spraggett, Kevin"]
[Result "1-0"]
[ECO "B42"]
[WhiteElo "2632"]
[BlackElo "2522"]
[Annotator "Schulz,Andre"]
[PlyCount "63"]
[EventDate "2016.02.13"]
[EventType "swiss"]
[EventRounds "9"]
[EventCountry "FRA"]
[SourceTitle "EXT 2017"]
[Source "ChessBase"]
[SourceDate "2016.10.25"]
[SourceVersion "1"]
[SourceVersionDate "2016.10.25"]
[SourceQuality "1"]
[TimeControl "40/5400+30:1800+30"]
[WhiteClock "0:06:01"]
[BlackClock "0:02:23"]

1. e4 c5 2. Nf3 e6 3. d4 cxd4 4. Nxd4 a6 5. Bd3 Nf6 6. O-O d6 7. c4 Be7 8. Nc3
O-O 9. b3 Nbd7 10. Bb2 Re8 11. Kh1 Qc7 {Eine typische Igelposition.} 12. f4 b6
13. Qe2 Bb7 14. Rae1 Rad8 15. f5 (15. Bb1 Bf8 16. Nf3 g6 {kam schon einige
Male vor.}) 15... Bf8 ({Die Alternative war} 15... e5 $5 16. Nf3 (16. Nc2 Nc5
17. Nb4 (17. Ne3 b5 $5) 17... Nxd3 18. Qxd3 Rc8 $11) 16... Nc5 17. Bb1 Bc6 18.
Rg1 Qb7 19. g4 b5 $132) 16. fxe6 fxe6 {Nach dem Tausch auf e6 sind die Felder
e6 und auch g6 geschwächt, außerdem hat Weiß nun die f-Linie zur Verfügung.
} 17. Bc2 Ne5 {Ein schwarzer Springer auf e5 ist eine wichtiger Ankerpunkt
für die schwarze Position. Im Verlauf der Partie verliert dieser jedoch den
Halt.} 18. Qe3 Rb8 $6 {Vernachlässigt den Königsflügel...} (18... Rd7 $5 19.
Qg3 Rf7 $11) 19. Qg3 Kh8 20. Nce2 Bc8 21. Nf4 b5 {[#]} 22. Nf3 Nfg4 (22... bxc4
{scheitert an} 23. Nxe5 dxe5 24. Bxe5 Qxe5 25. Ng6+) (22... Nxf3 23. Qxf3 {
und wegen der Drohung e5 ist Schwarz nun selber zu} e5 {gezwungen mit vielen
Schwächen.}) 23. Ng5 ({Hier ging auch schon} 23. Ng6+ Nxg6 (23... hxg6 24.
Nxe5 Nxe5 25. Bxe5 dxe5 26. Qxg6 {gefolgt von Te3 und h3}) 24. e5 N6xe5 25.
Nxe5 Nxe5 26. Rxe5 dxe5 27. Bxe5 Qb7 28. Qd3 $18) 23... Qe7 {[#]} 24. Qh4 ({
Und hier verpasst Weiß es die nette Möglichkeit} 24. Nxh7 Kxh7 25. Bxe5 Nxe5
26. Ng6 Nxg6 (26... Qd8 27. Nxe5 dxe5 28. Qxe5 Bb7 29. Qh5+ Kg8 30. Re3 $18)
27. e5 {gefolgt von Matt.}) 24... h6 25. Qh5 Bd7 ({Oder} 25... Kg8 26. Bxe5
Nxe5 (26... dxe5 27. Nfh3 hxg5 28. Qg6 Z0 {gefolgt von} 29. Nxg5) 27. h4 hxg5
28. Ng6 Nxg6 29. e5 $18) 26. Ng6+ Nxg6 27. Nf7+ Kg8 28. Qxg4 Ne5 29. Bxe5 dxe5
30. Nxh6+ Kh8 31. Nf7+ Kg8 32. Qh5 $18 {und Matt.} 1-0